 Dungeon Crawl Stone Soup version 0.26-a0-651-gb41185065b (webtiles) character file.

Game seed: 1555349974146512791

5194 sahdkjhfkaj the Ogre Mage (level 10, -2/104 HPs)
             Began as an Ogre Venom Mage on Sept 29, 2020.
             Was a Believer of Vehumet.
             Slain by a vampire (4 damage)
             ... on level 10 of the Dungeon on Sept 30, 2020.
             The game lasted 00:25:56 (15777 turns).

sahdkjhfkaj the Ogre Mage (Ogre Venom Mage)        Turns: 15777, Time: 00:25:57

Health: -2/104     AC:  5    Str: 14    XL:     10   Next: 60%
Magic:  16/23      EV: 10    Int: 19    God:    Vehumet [**....]
Gold:   519        SH:  0    Dex:  9    Spells: 14/28 levels left

rFire    . . .     SeeInvis .   s - staff of air
rCold    . . .     Faith    +   (no shield)
rNeg     . . .     Spirit   .   E - +2 robe {MR+}
rPois    +         Reflect  .   (helmet restricted)
rElec    +         Harm     .   (no cloak)
rCorr    .         Rampage  .   (gloves unavailable)
MR       ++...                  (boots unavailable)
Stlth    +.........             v - amulet of faith
HPRegen  0.27/turn              r - ring of poison resistance
MPRegen  0.18/turn              (no ring)

@: about to teleport
A: large, unfitting armour, tough skin 1
a: Renounce Religion


You were on level 10 of the Dungeon.
You worshipped Vehumet.
Vehumet was pleased with you.
You visited 2 branches of the dungeon, and saw 11 of its levels.

You collected 519 gold pieces.

Inventory:

Armour
 E - a +2 robe of magic resistance (worn)
Magical Staves
 s - an uncursed staff of air (weapon)
Jewellery
 r - a ring of poison resistance (left hand)
 t - an uncursed amulet of guardian spirit {unknown}
 v - an amulet of faith (around neck)
Wands
 y - a wand of enslavement (6)
 z - a wand of random effects (20)
 C - a wand of acid (6)
Scrolls
 c - 2 scrolls of enchant weapon
 e - 2 scrolls of immolation
 h - a scroll of magic mapping
 i - 4 scrolls of teleportation
 l - a scroll of fog
 m - a scroll of fear
 n - a scroll of remove curse
 q - 2 scrolls of enchant armour
 w - a scroll of acquirement {unknown}
 x - a scroll of summoning {unknown}
 A - a scroll of blinking {unknown}
 F - a scroll of identify
Potions
 a - a potion of berserk rage {unknown}
 b - a potion of haste {unknown}
 d - a potion of stabbing {unknown}
 f - a potion of resistance {unknown}
 g - 2 potions of mutation {unknown}
 j - 8 potions of curing {unknown}
 k - a potion of brilliance {unknown}
 o - 3 potions of flight {unknown}
 p - 2 potions of magic {unknown}
 u - a potion of degeneration {unknown}
 B - 2 potions of ambrosia {unknown}
 D - 2 potions of might


   Skills:
 + Level 8.1 Fighting
 - Level 1.7 Dodging
 - Level 1.4 Stealth
 + Level 9.8 Spellcasting
 - Level 0.8 Transmutations
 * Level 6.1 Air Magic
 + Level 8.4 Poison Magic


You had 14 spell levels left.
You knew the following spells:

 Your Spells              Type           Power        Failure   Level
a - Sting                 Tmut/Pois      ####         1%          1
b - Poisonous Vapours     Pois/Air       ######       1%          2
c - Ignite Poison         Fire/Tmut/Pois ###.....     6%          3
d - Olgreb's Toxic Radia  Pois           #####...     2%          4
e - Mephitic Cloud        Conj/Pois/Air  #####...     3%          3
s - Shock                 Conj/Air       ####         2%          1

Your spell library contained the following spells:

 Spells                   Type           Power        Failure   Level
 Sandblast                Erth           #.....       8%          1
 Confusing Touch          Hex            #.......     22%         3
 Gell's Gravitas          Tloc           #.........   22%         3
 Petrify                  Tmut/Erth      ##......     54%         4
 Yara's Violent Unravell  Hex/Tmut       ##........   87%         5
 Metabolic Englaciation   Hex/Ice        #.........   91%         5


Dungeon Overview and Level Annotations

Branches:
Dungeon (10/15)            Temple (1/1) D:6
   Lair: D:8-11         Orc: D:9-12

Altars:
Ashenzari
Cheibriados
Dithmenos
Elyvilon
Fedhas
Gozag
Hepliaklqana
Kikubaaqudgha
Makhleb
Nemelex Xobeh
Okawaru
Qazlal
Ru
Sif Muna
Trog
Uskayaw
Vehumet
Wu Jian
Xom
Yredelemnul
Zin
The Shining One

Shops:
D:9 [   D:10 [


Innate Abilities, Weirdness & Mutations

You are too large for most types of armour.
You have tough skin. (AC +1)


Message History

Evoke which item? (* to show all) (? for menu, Esc to quit)
Aiming: Corrosive Bolt
Press: ? - help, Shift-Dir - straight line, f - you That beam is likely to hit you.
Continue anyway?
Okay, then.
Unknown command.
Evoke which item? (* to show all) (? for menu, Esc to quit)
Press: ? - help, Shift-Dir - straight line The bolt of acid hits something.
You hear a shout!
Something hits you!
* * * LOW HITPOINT WARNING * * *
Something bites you!
* * * LOW HITPOINT WARNING * * *
Something draws strength from your injuries!
Okay, then.
Unknown command.
As you read the scroll of teleportation, it crumbles to dust.
You feel strangely unstable. Something hits you.
You die...

...##.....#
...##...###
..###....#
......####
####### # #####
##### ###...#
..> ....#+###
#{# ###.'∩'.#
#@#
###+#.########.#
#............#
##############


There were no monsters in sight!

Vanquished Creatures
  A two-headed ogre (D:9)
  Maurice (D:9)
  Psyche (D:8)
  A hornet (D:8)
  A wyvern (D:9)
  3 yaks (D:9)
  A sky beast (D:10)
  3 ice beasts
  An orc warrior (D:10)
  2 black bears
  3 ogres
  4 centaurs
  A big kobold (D:9)
  3 bullfrogs
  3 jellies
  3 scorpions
  7 howler monkeys
  A bullfrog zombie (D:7)
  A centaur zombie (D:7)
  A quasit (D:8)
  A centaur skeleton (D:6)
  5 orc priests
  3 hounds
  11 orc wizards
  A bullfrog skeleton (D:9)
  3 worker ants
  Natasha (thrice) (D:2)
  A hound zombie (D:7)
  A hound skeleton (D:6)
  A worker ant zombie (D:8)
  6 adders
  A shadow imp (D:5)
  A white imp (D:6)
  2 ufetubi (D:5)
  3 worms
  A dart slug (D:4)
  3 leopard geckos
  37 orcs
  2 ball pythons (D:1)
  11 giant cockroaches
  7 goblins
  15 hobgoblins
  3 jackals (D:5)
  2 quokkas
  13 bats
  11 frilled lizards
  2 jackal skeletons (D:4)
  12 kobolds
  2 leopard gecko zombies
  10 rats
216 creatures vanquished.

Notes
Turn   | Place    | Note
-------+----------+-------------------------------------------
     0 | D:1      | sahdkjhfkaj the Ogre Venom Mage began the quest for the
                  | Orb.
     0 | D:1      | Reached XP level 1. HP: 16/16 MP: 3/3
   193 | D:1      | Reached XP level 2. HP: 24/24 MP: 2/5
   230 | D:1      | Learned a level 2 spell: Poisonous Vapours
   234 | D:1      | Reached skill level 3 in Spellcasting
  1018 | D:1      | Reached XP level 3. HP: 31/31 MP: 0/8
  1023 | D:1      | Learned a level 3 spell: Ignite Poison
  1639 | D:2      | Reached skill level 4 in Spellcasting
  2031 | D:2      | Reached XP level 4. HP: 39/39 MP: 5/10
  2036 | D:2      | Learned a level 3 spell: Mephitic Cloud
  2080 | D:2      | Noticed Natasha
  2082 | D:2      | Killed Natasha
  2530 | D:2      | Found a burning altar of Makhleb.
  2532 | D:2      | Found a shimmering blue altar of Sif Muna.
  2735 | D:2      | Noticed Natasha
  2740 | D:2      | Killed Natasha
  2872 | D:2      | Noticed Natasha
  2875 | D:2      | Killed Natasha
  2875 | D:2      | Reached skill level 5 in Spellcasting
  2875 | D:2      | Reached XP level 5. HP: 45/45 MP: 3/12
  3099 | D:2      | Found a burning altar of Makhleb.
  3101 | D:2      | Found a shimmering blue altar of Sif Muna.
  3142 | D:2      | Found a white marble altar of Elyvilon.
  5514 | D:3      | Reached XP level 6. HP: 53/53 MP: 3/14
  5596 | D:3      | Learned a level 4 spell: Olgreb's Toxic Radiance
  5654 | D:3      | Reached skill level 6 in Spellcasting
  6551 | D:4      | Reached XP level 7. HP: 38/59 MP: 1/17
  7432 | D:5      | Entered Level 5 of the Dungeon
  7635 | D:5      | Reached skill level 7 in Spellcasting
  7647 | D:5      | Reached skill level 1 in Fighting
  7797 | D:5      | HP: 2/62 [acid (6)]
  8162 | D:5      | Reached skill level 5 in Poison Magic
  9435 | D:6      | Reached XP level 8. HP: 74/74 MP: 11/19
 10264 | D:6      | Reached skill level 8 in Spellcasting
 10319 | D:6      | Found a shadowy altar of Dithmenos.
 10319 | D:6      | Found a basalt altar of Yredelemnul.
 10321 | D:6      | Found a sparkling altar of Nemelex Xobeh.
 10328 | D:6      | Found a shimmering altar of Xom.
 10496 | D:6      | Found a staircase to the Ecumenical Temple.
 10540 | Temple   | Entered the Ecumenical Temple
 10786 | Temple   | Became a worshipper of Vehumet
 10824 | D:6      | Found a blossoming altar of Fedhas.
 11597 | D:7      | Reached skill level 5 in Fighting
 11791 | D:7      | Found an ornate altar of the Wu Jian Council.
 12009 | D:7      | Found an opulent altar of Gozag.
 12023 | D:7      | Found a snail-covered altar of Cheibriados.
 12177 | D:7      | Reached XP level 9. HP: 39/88 MP: 6/21
 12283 | D:7      | Reached skill level 1 in Air Magic
 12857 | D:8      | Noticed a hornet
 12859 | D:8      | Killed a hornet
 13388 | D:8      | Noticed Psyche
 13394 | D:8      | Killed Psyche
 13394 | D:8      | Reached skill level 9 in Spellcasting
 13467 | D:8      | Reached * piety under Vehumet
 13467 | D:8      | Offered knowledge of Shock by Vehumet.
 13564 | D:8      | Learned a level 1 spell: Shock
 14130 | D:9      | Noticed a two-headed ogre
 14175 | D:9      | Killed a two-headed ogre
 14175 | D:9      | Reached skill level 5 in Air Magic
 14175 | D:9      | Reached XP level 10. HP: 40/102 MP: 1/23
 14784 | D:9      | Found Qisism's Antique Armour Shop.
 14980 | D:9      | Identified the +4 ring mail of the Dragon {Dex+3}
 14986 | D:9      | Reached ** piety under Vehumet
 14986 | D:9      | Offered knowledge of Sandblast by Vehumet.
 15303 | D:9      | Noticed Maurice
 15307 | D:9      | Killed Maurice
 15553 | D:10     | Entered Level 10 of the Dungeon
 15749 | D:10     | Found Etsu's Armour Shoppe.
 15776 | D:10     | HP: 2/104 [something (13)]
 15777 | D:10     | Slain by a vampire

Illustrated notes

Levels and vault maps discovered:
D:1:      lordsloth_arrival_two_stooges, layout_basic
D:2:      layout_basic, nicolae_overflow_hidden_temple,
          corexii_item_surrounded_by_moat, minmay_worlds_worst_comb,
          uniq_natasha
D:3:      layout_loops_ring
D:4:      layout_basic, portal_sewer_entry_b
D:5:      layout_basic
D:6:      layout_basic, nicolae_overflow_quartered_altars, fedhas_altar_1,
          minmay_temple_entry_large_hall
D:7:      layout_loops_ring, old_standard_altar, lemuel_crystal_altar,
          overflow_temple_1_default, kb_lookout_dungeons_type
D:8:      layout_basic, uniq_psyche
D:9:      cheibrodos_helix_gallery, layout_long_grid, serial_shops, shop_statue,
          uniq_maurice
D:10:     layout_loops_cross, erik_lair_orcish_takeover,
          kennysheep_orc_monster_closet_entryway, serial_rivers,
          chequers_serial_rivers_large_b, chequers_serial_rivers_micro_e,
          chequers_serial_rivers_small_a, chequers_serial_rivers_small_a,
          chequers_serial_rivers_micro_d, serial_shops,
          nicolae_shop_behind_doors, grunt_decor_one_mirror,
          minmay_fire_ice_demons
Temple:   minmay_temple_curvy_loop

Skill      XL: |  1  2  3  4  5  6  7  8  9 10 |
---------------+-------------------------------+-----
Spellcasting   | 3 4 5 6 7 8 9 |  9.8
Poison Magic   | 3 4 5 7 8 |  8.4
Fighting       | 2 5 7 8 |  8.1
Air Magic      | 5 6 |  6.1
Dodging        | |  1.7
Stealth        | |  1.4
Transmutations | |  0.8

Action                   |  1- 3 |  4- 6 |  7- 9 | 10-12 || total
-------------------------+-------+-------+-------+-------++-------
Melee: Unarmed           |     7 |    20 |       |       ||    27
       Staff             |       |       |    76 |       ||    76
 Cast: Sting             |    19 |     3 |    99 |    13 ||   134
       Poisonous Vapours |    43 |   100 |    43 |       ||   186
       Ignite Poison     |     1 |    12 |    60 |    18 ||    91
       Olgreb's Toxic Ra |       |       |    48 |    15 ||    63
       Mephitic Cloud    |       |       |     1 |       ||     1
       Shock             |       |       |       |    11 ||    11
Evoke: Wand              |       |       |       |     1 ||     1
  Use: Scroll            |       |     6 |     6 |     1 ||    13
Armor: Robe              |     2 |    14 |    39 |    11 ||    66
Dodge: Dodged            |    15 |    32 |    90 |    12 ||   149

Table legend: (Time is in decaauts)
 A = Elapsed time spent in this place.
 B = Non-inter-level travel time spent in this place.
 C = Inter-level travel time spent in this place.
 D = Time resting spent in this place.
 E = Time spent auto-exploring this place.
 F = Levels seen in this place.
 G = Mean time per level.
                   A        B        C        D        E       F      G
               +--------+--------+--------+--------+--------+-----+--------+
         Total |  15801 |  15339 |    462 |   1759 |  11952 |  11 | 1436.5 |
       Dungeon |  15525 |  15130 |    395 |   1759 |  11746 |  10 | 1552.5 |
        Temple |    275 |    208 |     67 |      0 |    206 |   1 |  275.0 |
               +--------+--------+--------+--------+--------+-----+--------+

Top non-repeatable levels by time:
     D:3: 2526 daAuts
     D:2: 2268 daAuts
     D:6: 1979 daAuts
     D:5: 1797 daAuts
     D:9: 1554 daAuts
     D:4: 1466 daAuts
     D:8: 1291 daAuts
     D:7: 1243 daAuts
     D:1: 1174 daAuts
  Temple: 275 daAuts
    D:10: 223 daAuts
